 Dungeon Crawl Stone Soup version 0.23.2-40-g277498a001 (webtiles) character file.

Game seed: 1120000610152401579

291 EtherCrawl the Grasshopper (level 6, -5/50 HPs)
             Began as a Gnoll Warper on Sept 9, 2019.
             Slain by an ogre
             ... wielding a +0 giant club
              (31 damage)
             ... on level 4 of the Dungeon.
             The game lasted 00:07:50 (5271 turns).

EtherCrawl the Grasshopper (Gnoll Warper)           Turns: 5271, Time: 00:07:51

Health: -5/50      AC:  3    Str: 15    XL:     6   Next: 32%
Magic:  14/14      EV: 14    Int: 16    God:
Gold:   162        SH:  0    Dex: 14    Spells: 13/15 levels left

rFire    . . .     SeeInvis .   x - +0 war axe
rCold    . . .     Gourm    .   (no shield)
rNeg     . . .     Faith    .   b - +0 leather armour
rPois    .         Spirit   .   (no helmet)
rElec    .         Reflect  .   (no cloak)
rCorr    .         Harm     .   (no gloves)
MR       .....                  (no boots)
Stlth    ++........             (no amulet)
HPRegen  0.16/turn              (no ring)
MPRegen  0.14/turn              (no ring)

@: no status effects
A: distributed training, fangs 1, strong nose
a: no special abilities


You were on level 4 of the Dungeon.
You were not hungry.

You visited 1 branch of the dungeon, and saw 4 of its levels.

You collected 162 gold pieces.

Inventory:

Hand Weapons
 a - a +0 hand axe
 c - a +2 dagger of speed
 g - a +3 whip
 x - a +0 war axe (weapon)
Missiles
 e - 5 tomahawks of dispersal (quivered)
 k - 133 stones
 o - 34 arrows
 p - 8 tomahawks
Armour
 b - a +0 leather armour (worn)
Jewellery
 u - an uncursed amulet of magic regeneration {unknown}
Wands
 y - a wand of iceblast (14)
Scrolls
 d - a scroll of blinking
 h - 6 scrolls of remove curse {unknown}
 j - a scroll of fog {unknown}
 l - a scroll of amnesia {unknown}
 n - 2 scrolls of magic mapping {unknown}
 s - a scroll of fear {unknown}
 t - 3 scrolls of identify {unknown}
 w - a scroll of teleportation {unknown}
Potions
 i - 4 potions of curing {unknown}
 m - 3 potions of flight {unknown}
 q - a potion of brilliance {unknown}
 r - 3 potions of might {unknown}
 v - a potion of mutation {unknown}
Comestibles
 f - 11 rations


   Skills:
 + Level 4.9 Fighting
 + Level 1.8 Short Blades
 + Level 1.8 Long Blades
 + Level 4.9 Axes
 + Level 1.8 Maces & Flails
 + Level 1.8 Polearms
 + Level 1.8 Staves
 + Level 1.8 Slings
 + Level 1.8 Bows
 + Level 1.8 Crossbows
 + Level 3.2 Throwing
 + Level 3.2 Armour
 + Level 4.9 Dodging
 + Level 1.8 Stealth
 + Level 1.8 Shields
 + Level 1.8 Unarmed Combat
 + Level 5.3 Spellcasting
 + Level 1.4 Conjurations
 + Level 1.4 Hexes
 + Level 1.4 Charms
 + Level 1.4 Summonings
 + Level 1.4 Necromancy
 + Level 5.6 Translocations
 + Level 1.4 Transmutations
 + Level 1.4 Fire Magic
 + Level 1.4 Ice Magic
 + Level 1.4 Air Magic
 + Level 1.4 Earth Magic
 + Level 1.4 Poison Magic
 + Level 2.0 Invocations
 + Level 1.8 Evocations


You had 13 spell levels left.
You knew the following spells:

 Your Spells              Type           Power        Failure   Level  Hunger
a - Blink                 Tloc           N/A          2%          2    #......

Your spell library contained the following spells:

 Spells                   Type           Power        Failure   Level  Hunger
 Gell's Gravitas          Tloc           ###.......   5%          3    ###....
 Lesser Beckoning         Tloc           ###.......   5%          3    ###....
 Teleport Other           Tloc           ###.....     5%          3    ###....
 Shroud of Golubria       Chrm/Tloc      ###.......   6%          2    #......
 Confusing Touch          Hex            #.....       10%         1    None
 Passage of Golubria      Tloc           N/A          19%         4    ####...
 Confuse                  Hex            #.......     30%         3    ###....
 Petrify                  Tmut/Erth      #.......     69%         4    ####...
 Metabolic Englaciation   Hex/Ice        #.........   95%         5    ######.
 Yara's Violent Unravell  Hex/Tmut       #.........   95%         5    ######.


Dungeon Overview and Level Annotations

Branches:
Dungeon (4/15)
 Temple: D:4-7

Altars:

Shops:
D:4 ?


Innate Abilities, Weirdness & Mutations

Your experience applies equally to all skills.
You have very sharp teeth.
Your uncanny sense of smell can sniff out nearby items.


Message History

You hit the ogre.
The ogre is lightly wounded.
The ogre misses you.
You hit the ogre.
The ogre is lightly wounded.
The ogre barely misses you.
You slash the ogre!
The ogre is heavily wounded.
The ogre hits you with a +0 giant club!!
You slash the ogre! You bite the ogre.
The ogre is severely wounded.
The ogre misses you.
You hit the ogre.
The ogre is almost dead.
The ogre barely misses you.
You hit the ogre.
The ogre is almost dead.
The ogre hits you with a +0 giant club!!
Ouch! That really hurt!
You die...

.. ##### ..∩
#...# ....#...#
....#..@########
......O.........
..........#.....
........#.......
.......÷.....$..
....#...#.......
....#...##......
... #...# ......
$.∆ ..... ...?..


You could see an ogre.

Vanquished Creatures
  An iguana (D:3)
  A worker ant (D:3)
  A hound skeleton (D:4)
  8 adders
  3 oozes
  3 worms
  6 dart slugs
  2 leopard geckos (D:1)
  8 orcs
  A ball python (D:3)
  9 bats
  4 giant cockroaches
  6 goblins
  12 hobgoblins
  17 jackals
  10 kobolds
  4 quokkas
  8 frilled lizards
  A quokka skeleton (D:4)
  9 rats
114 creatures vanquished.

Notes
Turn   | Place    | Note
-------+----------+-------------------------------------------
     0 | D:1      | EtherCrawl the Gnoll Warper began the quest for the Orb.
     0 | D:1      | Reached XP level 1. HP: 20/20 MP: 6/6
    53 | D:1      | Reached XP level 2. HP: 21/26 MP: 7/7
   284 | D:1      | Reached XP level 3. HP: 13/31 MP: 9/9
   346 | D:1      | Reached skill level 5 in Spellcasting
   460 | D:1      | Learned a level 2 spell: Blink
   893 | D:1      | Reached skill level 1 in Invocations
  1358 | D:1      | Reached skill level 1 in Short Blades
  1358 | D:1      | Reached skill level 1 in Long Blades
  1358 | D:1      | Reached skill level 1 in Maces & Flails
  1358 | D:1      | Reached skill level 1 in Polearms
  1358 | D:1      | Reached skill level 1 in Staves
  1358 | D:1      | Reached skill level 1 in Slings
  1358 | D:1      | Reached skill level 1 in Bows
  1358 | D:1      | Reached skill level 1 in Crossbows
  1358 | D:1      | Reached skill level 1 in Stealth
  1358 | D:1      | Reached skill level 1 in Shields
  1358 | D:1      | Reached skill level 1 in Unarmed Combat
  1358 | D:1      | Reached skill level 1 in Evocations
  1428 | D:1      | Reached XP level 4. HP: 22/38 MP: 11/11
  1986 | D:2      | Reached skill level 1 in Conjurations
  1986 | D:2      | Reached skill level 1 in Hexes
  1986 | D:2      | Reached skill level 1 in Charms
  1986 | D:2      | Reached skill level 1 in Summonings
  1986 | D:2      | Reached skill level 1 in Necromancy
  1986 | D:2      | Reached skill level 1 in Transmutations
  1986 | D:2      | Reached skill level 1 in Fire Magic
  1986 | D:2      | Reached skill level 1 in Ice Magic
  1986 | D:2      | Reached skill level 1 in Air Magic
  1986 | D:2      | Reached skill level 1 in Earth Magic
  1986 | D:2      | Reached skill level 1 in Poison Magic
  2189 | D:2      | Reached XP level 5. HP: 23/43 MP: 12/12
  3862 | D:3      | Reached XP level 6. HP: 39/50 MP: 13/13
  5132 | D:4      | Found Coffoh's Magic Scroll Emporium.
  5271 | D:4      | Slain by an ogre

Skill      XL: |  1  2  3  4  5  6 |
---------------+-------------------+-----
Spellcasting   | 5 |  5.3
Invocations    | 1 2 |  2.0
Short Blades   | 1 |  1.8
Long Blades    | 1 |  1.8
Maces & Flails | 1 |  1.8
Polearms       | 1 |  1.8
Staves         | 1 |  1.8
Slings         | 1 |  1.8
Bows           | 1 |  1.8
Crossbows      | 1 |  1.8
Stealth        | 1 |  1.8
Shields        | 1 |  1.8
Unarmed Combat | 1 |  1.8
Evocations     | 1 |  1.8
Conjurations   | 1 |  1.4
Hexes          | 1 |  1.4
Charms         | 1 |  1.4
Summonings     | 1 |  1.4
Necromancy     | 1 |  1.4
Transmutations | 1 |  1.4
Fire Magic     | 1 |  1.4
Ice Magic      | 1 |  1.4
Air Magic      | 1 |  1.4
Earth Magic    | 1 |  1.4
Poison Magic   | 1 |  1.4
Throwing       | 3 |  3.2
Armour         | 3 |  3.2
Fighting       | |  4.9
Axes           | |  4.9
Dodging        | |  4.9
Translocations | |  5.6

Action                   |  1- 3 |  4- 6 || total
-------------------------+-------+-------++-------
Melee: Hand axe          |   148 |   318 ||   466
       Bite              |    11 |    41 ||    52
       Punch             |       |     2 ||     2
       War axe           |       |    18 ||    18
 Cast: Blink             |       |     3 ||     3
 Stab: Sleeping          |       |     6 ||     6
       Distracted        |       |     1 ||     1
  Eat: Chunk             |     2 |    13 ||    15
Armor: Leather armour    |    36 |    64 ||   100
Dodge: Dodged            |   127 |   266 ||   393
